[Event "Early-Titled-Tuesday-Blitz-February-06-2024"]
[Site "Chess.com"]
[Date "2024.02.06"]
[Round "1"]
[White "WiktoriaPOL"]
[Black "LeRoidesChampions"]
[Result "0-1"]
[WhiteElo "2260"]
[BlackElo "2605"]
[TimeControl "180+1"]
[EndTime "8:07:09 PST"]
[Termination "LeRoidesChampions won by resignation"]

1. c4 g6 2. Nc3 Bg7 3. g3 d6 4.
Bg2 Nf6 5. e4 h5 6. Nge2 c5 7. h3 Nc6 8. O-O Bd7 9. d3 Qc8 10. Nf4 Nd4 11. Be3 g5 12. Nfd5 Bxh3 13. Bxd4 cxd4 14. Nxf6+ Bxf6 15. Bxh3 Qxh3 16. Nd5 h4 17. g4 Be5 18. f4 Bxf4 19. Qe2 Be3+ 20. Nxe3 dxe3 21. Rf5 Qg3+ 22. Kh1 e6 23. Rff1 Qh3+ 24.
Kg1 Qg3+ 25. Kh1 h3 26. Rg1 Qe5 27. Qxe3 O-O-O 28. d4 Qf4 29. Qxf4 gxf4 30. Raf1 e5 31. d5 Rdg8 32. Kh2 Rh4 33. g5 Rh5 34. Rf3 Rhxg5 35.
Rxg5 Rxg5 36. Rxh3 Kd7 37. Rh8 Rg3 38. Rf8 Ke7 39. Rb8 Re3 40. Rxb7+ Kf6 41. Rxa7 Rxe4 42. Rd7 Re2+ 43. Kg1 e4 44. Rxd6+ Ke5 45. c5 f3 46. Rd8 e3 47. c6 f2+ 48. Kg2 Re1 49. Re8+ Kxd5 50.
Rxe3 f1=Q+ 0-1

[Event "Early-Titled-Tuesday-Blitz-February-06-2024"]
[Site "Chess.com"]
[Date "2024.02.06"]
[Round "1"]
[White "viktorgen2021"]
[Black "Ariadna_Atreides"]
[Result "1-0"]
[WhiteElo "2574"]
[BlackElo "2190"]
[TimeControl "180+1"]
[EndTime "8:07:09 PST"]
[Termination "viktorgen2021 won on time"]

1. d4 Nf6 2. Nf3 e6 3. g3 d5 4. Bg2 Be7 5. c4 O-O 6. O-O c6 7. Qc2 Nbd7 8. Nc3 dxc4 9. e4 c5 10. d5 exd5 11. exd5 Nb6 12. Rd1 Ne8 13. a4 a5 14. Bf4 Nd6 15. Nb5 Bf5 16. Qe2 Re8 17. Ne5 Nbc8 18. Nxc4 Nxb5 19. axb5 Nd6 20. Ne3 Bg6 21.
h4 h5 22. Bf3 Bf6 23. Bxh5 Bxb2 24. Ra2 Bxh5 25. Qxh5 Bf6 26. Bxd6 Qxd6 27. Nc4 Qd7 28. Nb6 Qxb5 29. Nxa8 Rxa8 30. d6 Rd8 31. Rad2 b6 32. Qd5 Qb4 33. d7 a4 34. Re2 Kf8 35. Qd6+ Kg8 36. Re8+ 1-0

[Event "Early-Titled-Tuesday-Blitz-February-06-2024"]
[Site "Chess.com"]
[Date "2024.02.06"]
[Round "1"]
[White "IsaqueGoncalvesSanto"]
[Black "FoggyMorning"]
[Result "0-1"]
[WhiteElo "1837"]
[BlackElo "2533"]
[TimeControl "180+1"]
[EndTime "8:07:09 PST"]
[Termination "FoggyMorning won on time"]

1. d4 Nf6 2. c4 e6 3. Nc3 Bb4 4. f3 d5 5. a3 Be7 6. Bg5 h6 7. Bh4 O-O 8. e3 c5 9. cxd5 Nxd5 10. Bxe7 Qxe7 11. e4 cxd4 12. Nxd5 exd5 13. Qxd4 dxe4 14. Qxe4 Qf6 15. Bd3 g6 16. Rb1 Bf5 17. Qe2 Nc6 18.
Bxf5 Qxf5 19. Qd1 Rad8 20. Qc1 Nd4 21. Kf2 Rfe8 22. Ra1 Nb3 23. Qxh6 Nxa1 24. Ne2 Nb3 25. Re1 Nc5 26. Nd4 Nd3+ 27. Kg3 Qc5 28. Nf5 Qxf5 29.
Rd1 Qf4+ 30. Qxf4 Nxf4 31. Rxd8 Rxd8 32. Kxf4 Rd2 0-1

[Event "Early-Titled-Tuesday-Blitz-February-06-2024"]
[Site "Chess.com"]
[Date "2024.02.06"]
[Round "1"]
[White "iJueles"]
[Black "RobertoJBM"]
[Result "0-1"]
[WhiteElo "2451"]
[BlackElo "2809"]
[TimeControl "180+1"]
[EndTime "8:07:10 PST"]
[Termination "RobertoJBM won by resignation"]

1. d4 d5 2. c4 c6 3. Nf3 Nf6 4. Qb3 dxc4 5. Qxc4 Bf5 6. g3 e6 7. Bg2 h6 8. O-O Be7 9. e3 O-O 10. Qe2 Nbd7 11. Nc3 Ne4 12. Nd2 Nxd2 13. Bxd2 Nf6 14. Rfd1 Qb6 15. Na4 Qc7 16. Rac1 Rac8 17. h3 Rfd8 18.
Be1 Be4 19. Nc5 Bxg2 20. Kxg2 b6 21. Nb3 Qb7 22. Qf3 Rd7 23. Bc3 Nd5 24. Nd2 c5 25. dxc5 Rxc5 26. Bd4 Rcc7 27. Ne4 f5 28. Nc3 Nxc3 29.
Bxc3 Qxf3+ 30. Kxf3 Kf7 31. Ke2 Bf6 32. Bxf6 Kxf6 33. Rxd7 Rxd7 34. a3 g5 35. Rc4 h5 36.
h4 g4 37. Rc3 Ke5 38. Rd3 Rxd3 39. Kxd3 Kd5 40. b3 a6 41. Kd2 Ke4 42. Ke2 e5 43. a4 a5 44. Kd2 Kf3 45. Ke1 f4 46. gxf4 exf4 47. exf4 Kxf4 48. Ke2 Ke4 49. Kf1 Kd3 50.
Kg2 Kc3 51. Kg3 Kxb3 52. Kf4 Kxa4 53. Kg5 b5 54. Kxh5 b4 55. Kg5 b3 56. h5 b2 57. h6 b1=Q 0-1

[Event "Early-Titled-Tuesday-Blitz-February-06-2024"]
[Site "Chess.com"]
[Date "2024.02.06"]
[Round "1"]
[White "chucksterf10"]
[Black "Teidi96"]
[Result "1-0"]
[WhiteElo "2648"]
[BlackElo "2322"]
[TimeControl "180+1"]
[EndTime "8:07:10 PST"]
[Termination "chucksterf10 won by resignation"]

1. f4 Nf6 2. Nf3 g6 3. Nc3 Bg7 4. e4 d6 5. d4 e6 6. Be3 O-O 7. Qd2 b6 8. Bd3 Bb7 9. O-O-O Qe7 10.
Rdg1 Nbd7 11. g4 e5 12. d5 exf4 13. Bxf4 Ne5 14. Nxe5 dxe5 15. Bg5 Qd7 16. h4 Ne8 17. h5 f6 18. Bh6 g5 19. Bxg7 Kxg7 20. h6+ Kg8 21. Rf1 Qxg4 22. Rhg1 Qd7 23. Bb5 Qe7 24. Be2 Nd6 25. a4 a5 26. Qe3 Kh8 27.
Nb5 Nxb5 28. axb5 a4 29. c3 a3 30. b4 Bc8 31. Kc2 Bd7 32. Kb3 Qe8 33. c4 a2 34. Ra1 Qb8 35. Rxa2 Rxa2 36. Kxa2 Qa7+ 37. Kb2 Ra8 38. Qb3 Be8 39. Rf1 Bg6 40. Bd3 Rf8 41. Qa3 Qxa3+ 42. Kxa3 Kg8 43. c5 Kf7 44. d6 bxc5 45. bxc5 cxd6 46. c6 Ke6 47. Bc4+ Ke7 48. b6 Bxe4 49. c7 Bb7 50. Kb4 d5 51. Bb5 Kd6 52. Ra1 f5 53. Ra7 e4 54. Rxb7 f4 55. Rb8 Rf6 56. c8=Q Ke5 57. Qh8 Kf5 58. Bd7+ Ke5 59.
Re8+ Kd6 60. Qxf6+ Kxd7 61. b7 1-0

[Event "Early-Titled-Tuesday-Blitz-February-06-2024"]
[Site "Chess.com"]
[Date "2024.02.06"]
[Round "1"]
[White "SmirnovAlexandrA"]
[Black "ClaudiaSof"]
[Result "1-0"]
[WhiteElo "2601"]
[BlackElo "2251"]
[TimeControl "180+1"]
[EndTime "8:07:10 PST"]
[Termination "SmirnovAlexandrA won by resignation"]

1. e4 e5 2. d4 exd4 3. Qxd4 Nc6 4. Qe3 Nf6 5. Nc3 Bb4 6. Bd2 O-O 7. O-O-O Re8 8. Qg3 Rxe4 9. a3 Bf8 10. f4 d5 11.
Nxe4 Nxe4 12. Qe1 Qf6 13. Nf3 Bxa3 14. c3 Bd6 15. Bd3 Nc5 16. Qe8+ Bf8 17. Bc2 a5 18. g4 a4 19. Ng5 g6 20. f5 Qe7 21. Rhe1 Qxe8 22.
Rxe8 h6 23. Nf3 g5 24. h4 f6 25. hxg5 hxg5 26. Be3 Nb3+ 27. Bxb3 axb3 28. Bc5 b6 29. Rxf8+ Kg7 30. Rxc8 Rxc8 31. Bd4 Kf7 32. Re1 Ne7 33.
Re6 Ng8 34. Rc6 Ke7 35. Nd2 Kd7 36. Re6 Ra8 37. Nxb3 Rf8 38. Kd2 c5 39. Bf2 Rb8 40. Bg3 Rb7 41. Rd6+ Ke7 42. Rxd5 1-0

[Event "Early-Titled-Tuesday-Blitz-February-06-2024"]
[Site "Chess.com"]
[Date "2024.02.06"]
[Round "1"]
[White "FLYD"]
[Black "FARIZA2018"]
[Result "1-0"]
[WhiteElo "2051"]
[BlackElo "2534"]
[TimeControl "180+1"]
[EndTime "8:07:11 PST"]
[Termination "FLYD won on time"]

1. e4 e5 2. Nf3 Nc6 3. Bb5 a6 4. Ba4 Nf6 5. O-O Be7 6. Re1 b5 7. Bb3 d6 8. c3 O-O 9. h3 Bb7 10. d4 Re8 11. a3 Bf8 12. Nbd2 h6 13. Bc2 Nb8 14. b4 Nbd7 15. a4 Nb6 16. a5 Nbd7 17.
Bb2 g6 18. c4 bxc4 19. Nxc4 exd4 20. Qxd4 Bg7 21. Rad1 Nh5 22. Qd2 Bxb2 23. Nxb2 Nhf6 24. Qxh6 Bxe4 25. Bxe4 Rxe4 26. Ng5 Rxe1+ 27. Rxe1 Qf8 28. Qh4 Re8 29. Rc1 c5 30. Nd3 cxb4 31. Nxb4 Nc5 32. Nd5 Qg7 33. Rd1 Nxd5 34. Rxd5 Rd8 35. Nxf7 Re8 36.
Nxd6 Re1+ 37. Kh2 Ne6 38. Ne4 Qc7+ 39. g3 Qc1 40. Nf6+ Kf8 41. Qh8+ 1-0

[Event "Early-Titled-Tuesday-Blitz-February-06-2024"]
[Site "Chess.com"]
[Date "2024.02.06"]
[Round "1"]
[White "rezamahdavi2008"]
[Black "GrumbleBruno"]
[Result "1-0"]
[WhiteElo "2872"]
[BlackElo "2474"]
[TimeControl "180+1"]
[EndTime "8:07:12 PST"]
[Termination "rezamahdavi2008 won on time"]

1. e4 e5 2. Nf3 d5 3. exd5 e4 4. Qe2 Nf6 5. d3 Bb4+ 6. Bd2 O-O 7. dxe4 Re8 8. e5 Nxd5 9. Bxb4 Nxb4 10. a3 N4c6 11.
Nbd2 Bg4 12. O-O-O Qe7 13. Nc4 Nd7 14. h3 Bxf3 15. Qxf3 Ndxe5 16. Nxe5 Qxe5 17. Bc4 Re7 18. h4 Rae8 19. Kb1 Qc5 20. Ba2 Re2 21. Qxf7+ Kh8 22. Bb3 Nd4 23. Rh3 Nxc2 24. Rc1 Nxa3+ 25. bxa3 Qxa3 26. Bc2 Qb4+ 27. Rb3 Qd4 28. Qf5 1-0

[Event "Early-Titled-Tuesday-Blitz-February-06-2024"]
[Site "Chess.com"]
[Date "2024.02.06"]
[Round "1"]
[White "manitodeplomo"]
[Black "Ezov"]
[Result "1-0"]
[WhiteElo "2573"]
[BlackElo "2186"]
[TimeControl "180+1"]
[EndTime "8:07:13 PST"]
[Termination "manitodeplomo won by resignation"]

1. d4 d5 2. c4 c6 3. Nf3 Nf6 4. Nc3 e6 5. Bg5 Be7 6. e3 O-O 7. Qc2 Nbd7 8. O-O-O dxc4 9. Bxc4 b5 10. Bd3 h6 11. Bxf6 Nxf6 12. Ne4 Nxe4 13. Bxe4 Bb7 14. Ne5 Rc8 15. Kb1 Bf6 16. Nd3 Be7 17. Rc1 Qb6 18.
Nc5 Bxc5 19. Qxc5 Qa5 20. Rc2 Rc7 21. Rhc1 Rfc8 22. g3 g6 23. h4 Qb6 24. f4 Qxc5 25.
Rxc5 Kg7 26. a4 a6 27. Ka2 Kf6 28. Ka3 h5 29. Kb4 Ke7 30. Ka5 Kd6 31. b3 Ke7 32. Bf3 Kd6 33. R1c3 Ke7 34. Bh1 Kd6 35. Bg2 Ke7 36. Kb6 Kd6 37. e4 f6 38. e5+ fxe5 39. dxe5+ Kd7 40. Rd3+ Ke7 41. Rd6 Kf7 42. Bh3 Re7 43. Bg2 Rec7 44. a5 Ke7 45. Bh3 Kf8 46. Bxe6 1-0

[Event "Early-Titled-Tuesday-Blitz-February-06-2024"]
[Site "Chess.com"]
[Date "2024.02.06"]
[Round "1"]
[White "ama18"]
[Black "ljm509"]
[Result "1-0"]
[WhiteElo "2543"]
[BlackElo "1969"]
[TimeControl "180+1"]
[EndTime "8:07:13 PST"]
[Termination "ama18 won on time"]

1. Nf3 Nf6 2. g3 g6 3. b3 Bg7 4. Bb2 O-O 5. d4 a5 6. a3 b6 7. Bg2 Bb7 8. O-O d6 9. c4 Nbd7 10. Nc3 e5 11. e3 exd4 12. Nxd4 Bxg2 13. Kxg2 Re8 14. Nd5 Ne5 15. h3 Qd7 16. Qc2 Nc6 17. Nb5 Nxd5 18. cxd5 Ne7 19. Nc3 c6 20. Rad1 cxd5 21.
Nxd5 Bxb2 22. Qxb2 Qc6 23. e4 Nxd5 24. exd5 Qc7 25.
h4 Rac8 26. Qd4 Qc5 27. Qf4 Re5 28. Kg1 Rce8 29. Qf3 Qxa3 30. Rc1 Rf5 31. Qd3 Qb4 32. Rc4 Qb5 33. Rd1 Qd7 34. Rc6 Rfe5 35. Kg2 Re2 36. Rxb6 Qg4 37. Qf3 1-0

[Event "Early-Titled-Tuesday-Blitz-February-06-2024"]
[Site "Chess.com"]
[Date "2024.02.06"]
[Round "1"]
[White "Abund"]
[Black "EsmeraldasAnderson03"]
[Result "1-0"]
[WhiteElo "2748"]
[BlackElo "2415"]
[TimeControl "180+1"]
[EndTime "8:07:14 PST"]
[Termination "Abund won on time"]

1. e4 c5 2. Nf3 d6 3. d4 cxd4 4. Nxd4 Nf6 5. Nc3 a6 6. Be2 e5 7. Nb3 Be7 8. O-O O-O 9. Be3 Be6 10. Qd3 Nc6 11. a3 b5 12. Nd5 Bxd5 13. exd5 Na5 14.
Nd2 Rc8 15. a4 Nc4 16. axb5 axb5 17. Nxc4 bxc4 18. Qd1 Qd7 19. Ra5 Qb7 20. b3 cxb3 21. cxb3 Ra8 22. Rb5 Qc7 23. Qb1 Rfb8 24. Rc1 Qd7 25.
Rxb8+ Rxb8 26. Bc4 Ng4 27. Bd2 Qa7 28. Qf5 h5 29. h3 g6 30. Qf3 Nf6 31. Bc3 Qa2 32.
Ra1 Qc2 33. Ra7 Bd8 34. Kh2 Bb6 35. Ra6 Kg7 36. Be1 Qc1 37. Qe2 Bc5 38. Bd2 Nd7 39.
Bxc1 1-0

[Event "Early-Titled-Tuesday-Blitz-February-06-2024"]
[Site "Chess.com"]
[Date "2024.02.06"]
[Round "1"]
[White "ExchangeAB"]
[Black "NEPHILIM-SLAYER"]
[Result "0-1"]
[WhiteElo "2411"]
[BlackElo "2738"]
[TimeControl "180+1"]
[EndTime "8:07:14 PST"]
[Termination "NEPHILIM-SLAYER won by resignation"]

1. d4 d5 2. Nf3 c6 3. c3 Nf6 4. Bf4 Qb6 5. Qb3 Bf5 6. e3 h6 7. Nbd2 Nbd7 8. h3 e6 9. Be2 Be7 10. O-O O-O 11. Ne5 Nxe5 12. Bxe5 Nd7 13. Bg3 a5 14. a4 Qa7 15. Nf3 Rfc8 16. Ne5 Nf6 17. c4 Ne4 18. Qd1 Qb6 19. b3 Nc3 20. Qe1 Nxe2+ 21. Qxe2 Qxb3 22. Rfd1 Bb4 23. c5 Rd8 24. Nd3 Qc4 25. Kf1 Ra6 26. Rac1 Qb3 27. Qc2 Qxc2 28. Rxc2 Rc8 29. Rb2 Bxd3+ 30. Rxd3 b5 31. cxb6 Rxb6 32.
f3 c5 33. dxc5 Rxc5 34. Ke2 Rc4 35. Be1 Kf8 36. Rdb3 Ke7 37. Bd2 Kd6 38. Kd3 Kc5 39. e4 dxe4+ 40. fxe4 Rd6+ 41. Ke3 Bxd2+ 42. Rxd2 Rxd2 43. Kxd2 Rxa4 44. Rb7 Ra2+ 45. Kc3 Rxg2 46. Rxf7 Rg3+ 47. Kb2 Kd4 48. h4 Kxe4 0-1

[Event "Early-Titled-Tuesday-Blitz-February-06-2024"]
[Site "Chess.com"]
[Date "2024.02.06"]
[Round "1"]
[White "larsmandreassen"]
[Black "Artyom_ChessMate"]
[Result "0-1"]
[WhiteElo "2186"]
[BlackElo "2571"]
[TimeControl "180+1"]
[EndTime "8:07:14 PST"]
[Termination "Artyom_ChessMate won by resignation"]

1. d4 d5 2. Nf3 Nf6 3. c4 e6 4. Nc3 c5 5. Bg5 cxd4 6. Nxd4 Be7 7. cxd5 exd5 8. e3 O-O 9. Be2 h6 10. Bh4 Nc6 11. O-O Re8 12. Rc1 Nxd4 13. Qxd4 Be6 14.
Rfd1 a6 15. Bf3 Qa5 16. a3 Rad8 17. Qd2 Qb6 18. Qc2 d4 19. exd4 Rxd4 20. Rxd4 Qxd4 21. Bg3 b5 22. Rd1 Qc4 23. Be2 Qb3 24. Qxb3 Bxb3 25.
Rd2 Rc8 26. h3 Bxa3 27. bxa3 Rxc3 28. Rd8+ Kh7 29. Bd3+ g6 30. Be5 Rc1+ 31. Kh2 Rc6 32. Be4 Re6 33. Bd4 Rxe4 34. Bxf6 g5 35. Rh8+ Kg6 36.
Bc3 Re2 37. Kg1 Rc2 38. Bb4 h5 39. Ra8 Rc6 40. Rg8+ Kf5 41. Rh8 h4 42. Rg8 Rc1+ 43. Kh2 Rc2 44. Kg1 Bd5 45. Rd8 Be4 46. Rd6 Rc6 47. Rxc6 Bxc6 48. g3 hxg3 49. fxg3 Ke4 50. Kf2 f5 51. Be7 g4 52. h4 Be8 53. Bd6 Kd5 54.
Bf4 a5 55. Ke3 Kc4 56. Bd6 b4 57. axb4 axb4 58. Kf4 b3 59. Be5 Bg6 60. Kg5 Bh7 61. Kh6 Bg8 62. Kg6 Kd5 63. Bb2 Ke4 64. h5 f4 65.
gxf4 g3 66. f5 g2 67. f6 g1=Q+ 0-1

[Event "Early-Titled-Tuesday-Blitz-February-06-2024"]
[Site "Chess.com"]
[Date "2024.02.06"]
[Round "1"]
[White "NM_Antelacus"]
[Black "Perecke"]
[Result "0-1"]
[WhiteElo "2238"]
[BlackElo "2593"]
[TimeControl "180+1"]
[EndTime "8:07:15 PST"]
[Termination "Perecke won by resignation"]

1. e4 c5 2. Nf3 e6 3. c3 d5 4. e5 d4 5. Bd3 Ne7 6. O-O Nbc6 7. Re1 g6 8. Qe2 Bg7 9. Na3 O-O 10. Nc4 b5 11. Nd6 c4 12. Be4 d3 13.
Qe3 Rb8 14. Bxc6 Nxc6 15. a4 a6 16. axb5 axb5 17. b3 Nxe5 18. Nxe5 Qxd6 19. bxc4 Bxe5 20. Ba3 Bxh2+ 21. Kh1 b4 22. Bxb4 Rxb4 23. cxb4 Bf4 24. Qf3 Bxd2 25. Red1 Bxb4 26. Rxd3 Qc7 27. Rc1 Bb7 28.
Qe2 Bc5 29. Rh3 Rd8 30. f3 Qf4 31. Rd1 Ra8 32. Qd2 Qxd2 33. Rxd2 Ra1+ 34. Kh2 Rc1 35. Rd7 Ba6 36. Rc7 Bd6+ 0-1

[Event "Early-Titled-Tuesday-Blitz-February-06-2024"]
[Site "Chess.com"]
[Date "2024.02.06"]
[Round "1"]
[White "margarita_2703"]
[Black "nekotyanof"]
[Result "0-1"]
[WhiteElo "2338"]
[BlackElo "2654"]
[TimeControl "180+1"]
[EndTime "8:07:16 PST"]
[Termination "nekotyanof won by checkmate"]

1. e4 c5 2. Nf3 Nc6 3. c3 Nf6 4. e5 Nd5 5. d4 cxd4 6. cxd4 d6 7. Bc4 e6 8. O-O Be7 9. a3 O-O 10. Qe2 Qb6 11. Rd1 Rd8 12. Nc3 Nxc3 13. bxc3 dxe5 14. Nxe5 Nxe5 15. Qxe5 Bf6 16. Qe4 Bd7 17. Rb1 Qc6 18. Bd3 g6 19. Rxb7 Rab8 20. Rxa7 Qxc3 21. Be3 Bg7 22. h4 Be8 23. Rc1 Rxd4 24. Rxc3 Rxe4 25. Bxe4 Bxc3 26. a4 Rb4 27. Bc2 Kg7 28. a5 Rb2 29.
Bd3 Be5 30. g3 Ra2 31. Be4 Bb5 32. Bb6 Ra4 33. Bf3 Ra3 34. Kg2 h6 35. Ra8 g5 36.
hxg5 hxg5 37. Bb7 Ra1 38. a6 Bf1+ 39. Kf3 Ra3+ 40. Ke4 f6 41. Be3 g4 42. f4 Bd3# 0-1

[Event "Early-Titled-Tuesday-Blitz-February-06-2024"]
[Site "Chess.com"]
[Date "2024.02.06"]
[Round "1"]
[White "Iana_Shirova"]
[Black "hakanazeri2"]
[Result "0-1"]
[WhiteElo "2305"]
[BlackElo "2634"]
[TimeControl "180+1"]
[EndTime "8:07:16 PST"]
[Termination "hakanazeri2 won by checkmate"]

1. e4 c5 2. d4 cxd4 3. c3 dxc3 4. Nxc3 Nc6 5. Nf3 e6 6. Bc4 Bb4 7. O-O Nf6 8. Bg5 h6 9. Bh4 g5 10. Bg3 Bxc3 11. bxc3 Nxe4 12. Qd3 d5 13. Be5 O-O 14.
Bb5 Nxe5 15. Nxe5 Qc7 16. Ng4 Qxc3 17. Qe2 Qd2 18. Qf3 Qf4 19. Qh3 Nf6 20. f3 h5 21. Nxf6+ Qxf6 22. Qxh5 a6 23. Bd3 Qd4+ 24. Kh1 Qxd3 25. f4 Qg6 26. Qg4 f5 27. Qg3 g4 28.
Rae1 Bd7 29. Qh4 Rf7 30. h3 Rh7 31. Qg3 Kf7 32. Kg1 gxh3 33. Qxg6+ Kxg6 34. g3 h2+ 35. Kh1 d4 36. g4 Bc6+ 37. Rf3 Bxf3# 0-1

[Event "Early-Titled-Tuesday-Blitz-February-06-2024"]
[Site "Chess.com"]
[Date "2024.02.06"]
[Round "1"]
[White "AnishOnYoutube"]
[Black "soloderisas"]
[Result "1-0"]
[WhiteElo "2993"]
[BlackElo "2509"]
[TimeControl "180+1"]
[EndTime "8:07:18 PST"]
[Termination "AnishOnYoutube won by checkmate"]

1. Nf3 d5 2. e3 c6 3. b3 Bf5 4. Bb2 e6 5. Be2 Nd7 6. d3 h6 7.
Nbd2 Ngf6 8. O-O Be7 9. a3 a5 10. Re1 O-O 11. Bf1 Bh7 12. g3 b5 13. Bg2 a4 14. b4 c5 15. bxc5 Bxc5 16. Qb1 Qb6 17. Bd4 Rfc8 18. Qb2 b4 19. axb4 Qxb4 20. Reb1 Qxb2 21.
Rxb2 a3 22. Rba2 Bd6 23. Rb1 e5 24. Ba1 e4 25. dxe4 Nxe4 26. Nxe4 Bxe4 27. Nd4 Nf6 28. Rb3 Bxg2 29. Kxg2 Ne4 30. Nb5 Bf8 31. Rd3 Rd8 32. f3 Nc5 33. Rdxa3 Rxa3 34. Rxa3 Rb8 35. Nd4 Rb1 36. Ra8 Kh7 37. Rxf8 Rxa1 38. Rxf7 Re1 39.
Rc7 Na4 40. Nf5 Nb2 41. Rxg7+ Kh8 42. Rg6 Re2+ 43. Kh3 Rxc2 44. Rxh6+ Kg8 45. Kg4 Nd1 46. Kg5 Re2 47. Kf6 Nxe3 48. Ne7+ Kf8 49. Rh8# 1-0

[Event "Early-Titled-Tuesday-Blitz-February-06-2024"]
[Site "Chess.com"]
[Date "2024.02.06"]
[Round "1"]
[White "ArturoCaceres"]
[Black "jefferyx"]
[Result "0-1"]
[WhiteElo "2511"]
[BlackElo "3007"]
[TimeControl "180+1"]
[EndTime "8:07:19 PST"]
[Termination "jefferyx won by resignation"]

1. d4 Nf6 2. Nf3 d5 3. Bf4 c5 4. e3 e6 5. Nbd2 Nbd7 6. c3 Be7 7. Bd3 O-O 8. h3 c4 9. Bc2 b5 10. O-O Bb7 11. Re1 b4 12. e4 dxe4 13. Nxe4 Nxe4 14. Bxe4 Bxe4 15. Rxe4 Nf6 16. Re1 Nd5 17. Bd2 a5 18. Ne5 Qc7 19. Qe2 Rac8 20. Rac1 bxc3 21.
Bxc3 Bd6 22. Bd2 Bxe5 23. Qxe5 Qb6 24. Bc3 a4 25. g3 Ra8 26. Qe2 Rfc8 27. a3 Rab8 28.
Rc2 Qb3 29. Rec1 Rc6 30. Be1 Rbc8 31. Bc3 h6 32. Bd2 c3 33. bxc3 Nxc3 34. Bxc3 Rxc3 35.
Rxc3 Rxc3 36. Rd1 Qxa3 37. d5 exd5 38. Rxd5 Rc8 39. Rd7 Ra8 40. Qe4 Qf8 41. Rd4 a3 42.
Ra4 Rxa4 43. Qxa4 g6 44. Kf1 Qc5 45. Ke2 Qe5+ 46. Kd3 Qb2 47. Qe8+ Kg7 48. Qa8 a2 0-1

[Event "Early-Titled-Tuesday-Blitz-February-06-2024"]
[Site "Chess.com"]
[Date "2024.02.06"]
[Round "1"]
[White "Mistango"]
[Black "jacky72"]
[Result "0-1"]
[WhiteElo "2456"]
[BlackElo "2829"]
[TimeControl "180+1"]
[EndTime "8:07:20 PST"]
[Termination "jacky72 won by checkmate"]

1. e4 c5 2. d4 cxd4 3. c3 d5 4. exd5 Qxd5 5. Nf3 Nc6 6. cxd4 Bg4 7. Be2 e6 8. Nc3 Qd7 9. O-O Nf6 10. h3 Bh5 11.
Ne5 Qxd4 12. Bxh5 Qxe5 13. Qb3 Bb4 14. Bf3 O-O 15. Bxc6 Bd6 16. f4 Qc5+ 17. Kh1 Qxc6 18. Be3 Bc5 19. Bxc5 Qxc5 20. Rac1 Nh5 21. Kh2 Qe3 22. Nb5 Qxb3 23. axb3 a6 24. Nd6 b5 25. Ne4 Nf6 26. Nxf6+ gxf6 27. Rc6 Rfc8 28. Rfc1 Rxc6 29. Rxc6 Rd8 30. Rxa6 Rd3 31. f5 exf5 32. Rxf6 Rxb3 33. Rxf5 Rxb2 34. Rc5 Kg7 35. h4 Rb1 36. Kg3 b4 37.
Rb5 b3 38. Rb6 Kf8 39. Kg4 Ke7 40. Kh5 b2 41. g4 Kf8 42. Kh6 Rh1 43. Rb8+ Ke7 44.
Rb7+ Kf6 45. Rxb2 Rxh4# 0-1

[Event "Early-Titled-Tuesday-Blitz-February-06-2024"]
[Site "Chess.com"]
[Date "2024.02.06"]
[Round "1"]
[White "Elegance_Riks"]
[Black "EvgenyBurmakin"]
[Result "0-1"]
[WhiteElo "2753"]
[BlackElo "2441"]
[TimeControl "180+1"]
[EndTime "8:07:20 PST"]
[Termination "EvgenyBurmakin won by resignation"]

1. Nf3 Nf6 2. c4 g6 3. b3 Bg7 4. Bb2 O-O 5. g3 d6 6. d4 Ne4 7. Bg2 c5 8. O-O Nc6 9. e3 Bg4 10. Qc1 Bxf3 11. Bxf3 Ng5 12. Bg2 cxd4 13. exd4 Nxd4 14.
Bxd4 Bxd4 15. Nc3 Ne6 16. Bxb7 Rb8 17. Bg2 Qa5 18. Nd5 Bxa1 19. Nxe7+ Kg7 20. Qxa1+ Qe5 21. Qd1 Rbe8 22. Re1 Qd4 23. Nc6 Qxd1 24. Rxd1 Ng5 25. Nxa7 Re2 26. a3 Rfe8 27. Kf1 Rb2 28. h4 Ree2 29.
hxg5 Rxf2+ 30. Kg1 Rxg2+ 31. Kf1 Rbf2+ 32. Ke1 Rh2 33. Nb5 Rb2 34. Rd2 Rbxd2 35. Nc3 Rdg2 0-1

[Event "Early-Titled-Tuesday-Blitz-February-06-2024"]
[Site "Chess.com"]
[Date "2024.02.06"]
[Round "1"]
[White "Alen_Yeremyann"]
[Black "Kopytkin"]
[Result "1-0"]
[WhiteElo "2723"]
[BlackElo "2398"]
[TimeControl "180+1"]
[EndTime "8:07:20 PST"]
[Termination "Alen_Yeremyann won on time"]

1. e4 Nf6 2. e5 Nd5 3. c4 Nb6 4. d4 d6 5. f4 dxe5 6. fxe5 c5 7. d5 e6 8. d6 Qh4+ 9. g3 Qe4+ 10. Qe2 Qxh1 11.
Nf3 Nc6 12. Be3 Nxc4 13. Bxc5 N4xe5 14. Nxe5 Nxe5 15. Qxe5 Qd5 16. Qxd5 exd5 17. Nc3 Be6 18. Bb5+ Kd8 19. Rd1 b6 20. Bb4 g6 21. Nxd5 Bxd5 22.
Rxd5 Bg7 23. d7 a6 24. Bc6 Ra7 25. Bd6 Bf6 26. Rd3 b5 27. Bc5 Rc7 28. Bb6 Be5 29. Re3 f6 30. g4 Rf8 31. g5 Rf7 32. b4 Re7 33. Kf1 fxg5 34. Rf3 1-0

[Event "Early-Titled-Tuesday-Blitz-February-06-2024"]
[Site "Chess.com"]
[Date "2024.02.06"]
[Round "1"]
[White "chegueps"]
[Black "rikchessmx"]
[Result "1-0"]
[WhiteElo "2637"]
[BlackElo "2312"]
[TimeControl "180+1"]
[EndTime "8:07:21 PST"]
[Termination "chegueps won by checkmate"]

1. e4 c5 2. c3 e6 3. d4 d5 4. e5 Nc6 5. Nf3 Bd7 6. Bd3 Qb6 7. O-O cxd4 8. a3 dxc3 9. Nxc3 Rc8 10. Re1 Nge7 11.
h4 h5 12. Ng5 Ng8 13. Be3 d4 14. Na4 Qc7 15. Bf4 a6 16. b4 b5 17. Nc5 Bxc5 18. bxc5 Nge7 19. Qf3 Nd5 20. Bh2 Nd8 21. Rac1 Bc6 22.
Be4 Nc3 23. Rxc3 dxc3 24. Bxc6+ Qxc6 25. Ne4 Rc7 26. Qxc3 Qd5 27. Qf3 Rxc5 28. Rd1 Qc6 29. Nxc5 Qxc5 30. Bf4 O-O 31. Bg5 Nc6 32. Qg3 Qxe5 33.
Bf4 Qf5 34. Bd6 Re8 35. Qc3 Qe4 36. f3 Qc4 37. Qe3 Ne7 38. Bxe7 Rxe7 39. Rd8+ Kh7 40. Qg5 f6 41. Qxh5# 1-0

[Event "Early-Titled-Tuesday-Blitz-February-06-2024"]
[Site "Chess.com"]
[Date "2024.02.06"]
[Round "1"]
[White "Mackster23"]
[Black "MdChess1734"]
[Result "1-0"]
[WhiteElo "2711"]
[BlackElo "2391"]
[TimeControl "180+1"]
[EndTime "8:07:22 PST"]
[Termination "Mackster23 won on time"]

1. e4 c6 2. d4 d5 3. e5 Bf5 4. Nf3 e6 5. Be2 Nd7 6. O-O Ne7 7. c3 Bg6 8. a4 Nf5 9. a5 a6 10.
b4 h5 11. Bf4 h4 12. h3 Be7 13.
Bd3 Bh5 14. Nbd2 g5 15. Bh2 g4 16. hxg4 Bxg4 17. Bf4 Nf8 18. Qc2 Ng6 19. Be3 h3 20. g3 Rg8 21. Nh2 Nxe3 22. fxe3 Nh4 23. Kh1 Ng2 24.
Nxg4 Rxg4 25. Rf3 Kd7 26. c4 Qg8 27. Nf1 Nh4 28. Rf4 Rxf4 29. exf4 Nf3 30. Qf2 Qg4 31. Be2 Rb8 32. Bxf3 1-0

[Event "Early-Titled-Tuesday-Blitz-February-06-2024"]
[Site "Chess.com"]
[Date "2024.02.06"]
[Round "1"]
[White "Viktor_Poddubnyi"]
[Black "andrew-blr"]
[Result "0-1"]
[WhiteElo "2256"]
[BlackElo "2604"]
[TimeControl "180+1"]
[EndTime "8:07:22 PST"]
[Termination "andrew-blr won on time"]

1. e4 c5 2. Nf3 e6 3. g3 Nc6 4. Bg2 Nf6 5. e5 Nd5 6. O-O d6 7. d4 cxd4 8. exd6 Bxd6 9. Nxd4 O-O 10. Nxc6 bxc6 11. c4 Ne7 12. Nc3 Rb8 13. b3 Be5 14. Bb2 Qa5 15. Na4 Bxb2 16. Nxb2 Rd8 17. Qc1 Bb7 18. Rd1 Nf5 19. Nd3 c5 20. Ne5 Bxg2 21. Kxg2 Qc7 22. Qf4 Nd4 23. Qe4 Rd6 24. Rd3 Rbd8 25.
Rad1 f6 26. Nf3 e5 27. Nxd4 cxd4 28. Rc1 Qc5 29. h4 a5 30. h5 Rf8 31. g4 Rb6 32. Rc2 Rc8 33. Rg3 h6 34. Re2 Rb4 35. Rd3 Qc6 36.
Qxc6 Rxc6 37. Kf3 a4 38. Ke4 axb3 39. axb3 Rcb6 40. c5 Rb8 41. Kd5 Kf7 0-1